 Dungeon Crawl Stone Soup version 0.27.1-15-g792fb953b9 (webtiles) character file.

Game seed: 3610976558794446128

63 DenSaoPin the Chopper (level 4, -4/39 HPs)
             Began as a Hill Orc Monk on Nov 19, 2021.
             Slain by Natasha (7 damage)
             ... on level 2 of the Dungeon.
             The game lasted 00:03:43 (1962 turns).

DenSaoPin the Chopper (Hill Orc Monk)               Turns: 1962, Time: 00:03:43

Health: -4/39      AC:  5    Str: 14    XL:     4   Next: 10%
Magic:  4/4        EV: 11    Int: 10    God:
Gold:   34         SH:  0    Dex: 13    Spells: 3/3 levels left

rFire    . . .     SeeInvis .   a - +0 hand axe
rCold    . . .     Faith    .   (no shield)
rNeg     . . .     Spirit   .   l - +0 ring mail
rPois    .         Reflect  .   (no helmet)
rElec    .         Harm     .   (no cloak)
rCorr    .         Rampage  .   (no gloves)
Will     .....                  (no boots)
Stlth    +.........             (no amulet)
HPRegen  0.13/turn              g - ring of flight
MPRegen  0.09/turn              (no ring)

@: flying
A: no striking features
a: no special abilities


You were on level 2 of the Dungeon.
You visited 1 branch of the dungeon, and saw 2 of its levels.

You collected 34 gold pieces.

Inventory:

Hand Weapons
 a - a +0 hand axe (weapon)
 m - a +0 long sword
Armour
 b - a +0 robe
 k - a +0 leather armour
 l - a +0 ring mail (worn)
Jewellery
 g - a ring of flight (left hand)
 j - an amulet of magic regeneration
Scrolls
 c - 2 scrolls of identify {unknown}
 d - a scroll of acquirement {unknown}
 e - a scroll of magic mapping {unknown}
 i - a scroll of fear {unknown}
Potions
 f - 2 potions of curing {unknown}
 h - a potion of might {unknown}


   Skills:
 - Level 3.6 Fighting
 + Level 5.3 Axes
 + Level 2.6 Armour
 - Level 2.4 Dodging
 - Level 1.5 Stealth


You had 3 spell levels left.
You didn't know any spells.
Your spell library contained the following spells:

 Spells                   Type           Power      Damage    Failure   Level
 Apportation              Tloc           0%         N/A       58%         1
 Alistair's Intoxication  Tmut/Pois      0%         N/A       100%        5
 Invisibility             Hex            0%         N/A       100%        6


Dungeon Overview and Level Annotations

Branches:
Dungeon (2/15)

Altars:

Annotations:
D:2 Natasha


Message History

g - a ring of flight (left hand)
You start removing your armour.
You continue taking off your +0 leather armour. x4
You finish taking off your +0 leather armour.
You start putting on your armour.
You continue putting on your +0 ring mail. x5
You finish putting on your +0 ring mail.
Found a long sword.
You see here a +0 long sword.
m - a +0 long sword You reach down and open the door.
Natasha, Servant of Life and Death comes into view.
Natasha hisses angrily.
Natasha casts a spell at you. You resist with some effort.
There is an open door here.
Natasha casts a spell at you. The magic dart hits you.
Natasha casts a spell.
Natasha growls.
The white imp shouts, "Run away, thou peaked base-court pigeon-egg!"
There is an open door here.
You hit Natasha.
Natasha is heavily wounded.
Natasha casts a spell at you. The magic dart hits you!
The white imp gestures at you. The puff of frost hits you.
You hit Natasha.
Natasha is heavily wounded.
Natasha stares at you and mumbles some strange words.
The magic dart hits you! The white imp gestures at you.
The puff of frost hits you.
* * * LOW HITPOINT WARNING * * *
The white imp gestures at you. The puff of frost hits you!
* * * LOW HITPOINT WARNING * * *
Natasha claws you!
You die...

#.#.#..# #.#.##'## #.#.....#
#.#.....## . #.#......# .. #
#......## ... #.#.......#
....
.#.#.....#รท############.....
.........+......@h.5..'.....
.#.#.....##.########'##.....
#.#.....# .. #......... #
#.....###+### #.........
#...........# #.....###.
#...........####.....#
#...........+..##'####
##..........##.##.#
##.......##.##.##.#


You could see Natasha and a white imp (summoned).

Vanquished Creatures
  Natasha (D:2)
  2 dart slugs (D:1)
  2 ball pythons (D:1)
  5 bats (D:1)
  2 endoplasms (D:1)
  2 giant cockroaches (D:1)
  A goblin (D:1)
  4 hobgoblins (D:1)
  3 quokkas (D:1)
  2 frilled lizards (D:1)
  6 kobolds (D:1)
  3 rats (D:1)
33 creatures vanquished.

Notes
Turn   | Place    | Note
-------+----------+-------------------------------------------
     0 | D:1      | DenSaoPin the Hill Orc Monk began the quest for the Orb.
     0 | D:1      | Reached XP level 1. HP: 19/19 MP: 1/1
    98 | D:1      | Reached skill level 1 in Armour
   101 | D:1      | Reached XP level 2. HP: 2/26 MP: 2/2
  1034 | D:1      | Reached XP level 3. HP: 28/31 MP: 3/3
  1384 | D:1      | Found a faded altar of an unknown god.
  1447 | D:1      | Reached skill level 5 in Axes
  1707 | D:2      | Noticed Natasha
  1746 | D:2      | Killed Natasha
  1747 | D:2      | Reached XP level 4. HP: 21/39 MP: 4/4
  1951 | D:2      | Noticed Natasha
  1962 | D:2      | Slain by Natasha

Illustrated notes

Levels and vault maps discovered:
D:1:      onia_arrival_mini_maze_b, layout_rooms, ebering_ecumenical_altar_rust
D:2:      layout_basic, uniq_natasha

Skill      XL: |  1  2  3 |
---------------+----------+-----
Armour         | 1 2 |  2.6
Axes           | 5 |  5.3
Fighting       | |  3.6
Dodging        | |  2.4
Stealth        | |  1.5

Action                   |  1- 3 |  4- 6 || total
-------------------------+-------+-------++-------
Melee: Hand axe          |   109 |     2 ||   111
Armor: Robe              |    31 |       ||    31
       Leather armour    |     3 |       ||     3
Dodge: Dodged            |    95 |       ||    95
